 Dungeon Crawl Stone Soup version 0.30-a0-159-g068b764562 (webtiles) character file.

Game seed: 12676329168163201333

125371 Flugkiller the Destroyer (level 16, -2/165 HPs)
             Began as an Ogre Reaver on Sept 27, 2022.
             Was a Priest of Uskayaw.
             Killed from afar by Aizul (32 damage)
             ... with a bolt of poison
             ... on level 1 of the Snake Pit.
             The game lasted 01:20:15 (41646 turns).

Flugkiller the Destroyer (Ogre Reaver)             Turns: 41646, Time: 01:20:16

Health: -2/165     AC:  4    Str: 20    XL:     16   Next: 95%
Magic:  7/32       EV: 13    Int: 18    God:    Uskayaw [***...]
Gold:   1873       SH:  0    Dex:  9    Spells: 4/39 levels left

rFire   + . .      SeeInvis +    T - +3 greatsling "Punk" {acid, rCorr}
rCold   + . .      Faith    .    (no shield)
rNeg    . . .      Spirit   .    S - +1 robe {rC+ rF+}
rPois   .          Reflect  .    (helmet restricted)
rElec   .          Harm     .    G - scarf {+Inv}
rCorr   +          Rampage  .    (gloves unavailable)
Will    +....                    (boots unavailable)
Stlth   +++.......               k - amulet "Yheopnof" {Regen+ SInv}
HPRegen 1.17/turn                L - ring of Shadows {Umbra +Inv Stlth+}
MPRegen 0.23/turn                v - +4 ring of evasion

@: lethally poisoned (-2 -> -7), wreathed by umbra, studying Throwing
A: large, unfitting armour, tough skin 1
a: Renounce Religion, Evoke Invisibility, Stomp, Line Pass


You were on level 1 of the Snake Pit.
You worshipped Uskayaw.
Uskayaw was noncommittal.
You visited 5 branches of the dungeon, and saw 24 of its levels.
You also visited: Ossuary, Gauntlet and Ice Cave.

You collected 2273 gold pieces.
You spent 400 gold pieces at shops.

Inventory:

Hand Weapons
 T - the +3 greatsling "Punk" (weapon) {acid, rCorr}
   (You found it in a Gauntlet)

   Any ammunition fired from it is coated in acid, damaging and corroding those
   it strikes.
   rCorr:     It protects you from acid and corrosion.
Missiles
 A - 2 throwing nets
 K - 5 curare-tipped darts
 R - 49 large rocks
Armour
 G - a scarf of invisibility (worn)
   (You found it on level 6 of the Dungeon)
 M - +1 steam dragon scales
   (You found it on level 9 of the Dungeon)
 S - a +1 robe of resistance (worn)
   (You took it off an orc wizard on level 12 of the Dungeon)
Magical Staves
 i - a staff of earth
   (You found it in a Gauntlet)
 y - a staff of fire
   (You found it on level 3 of the Dungeon)
Jewellery
 f - a ring of protection from fire
   (You found it on level 5 of the Dungeon)
 k - the amulet "Yheopnof" (around neck) {Regen+ SInv}
   (You acquired it on level 4 of the Lair of Beasts)

   [amulet of regeneration]

   SInv:      It lets you see invisible.
   Regen:     It increases your rate of health regeneration.
 p - a ring of protection from fire
   (You found it on level 2 of the Dungeon)
 v - a +4 ring of evasion (right hand)
   (You found it on level 6 of the Dungeon)
 L - the ring of Shadows (left hand) {Umbra +Inv Stlth+}
   (You found it in a Gauntlet)

   [ring of stealth]

   It surrounds you with an aura of shadow, increasing your stealth and reducing
   the accuracy of all others within it.
   +Inv:      It lets you turn invisible.
   Stlth:     It makes you more stealthy.
 P - a +6 ring of dexterity
   (You took it off a human on level 3 of the Lair of Beasts)
 U - a ring of wizardry
   (You found it in a Gauntlet)
Wands
 b - a wand of digging (3)
   (You took it off Erolcha on level 10 of the Dungeon)
 c - a wand of paralysis (23)
   (You found it on level 2 of the Dungeon)
 s - a wand of iceblast (17)
   (You found it on level 4 of the Lair of Beasts)
 F - a wand of flame (31)
   (You found it on level 6 of the Dungeon)
 J - a wand of mindburst (7)
   (You found it on level 9 of the Dungeon)
 Z - a wand of quicksilver (8)
   (You took it off a meliai on level 4 of the Lair of Beasts)
Scrolls
 g - a scroll of torment
 j - 4 scrolls of enchant weapon
 l - 4 scrolls of immolation
 m - 2 scrolls of amnesia
 o - 2 scrolls of brand weapon
 r - a scroll of summoning
 t - 7 scrolls of teleportation
 z - a scroll of blinking
 C - a scroll of magic mapping
 E - 4 scrolls of poison
 H - a scroll of enchant armour
 V - 3 scrolls of vulnerability
 W - 3 scrolls of fear
Potions
 a - 4 potions of lignification
 d - 8 potions of might
 e - 3 potions of ambrosia
 h - 3 potions of haste
 n - 2 potions of resistance
 q - 3 potions of curing
 u - 4 potions of brilliance
 w - 7 potions of heal wounds
 x - 2 potions of berserk rage
 B - 2 potions of invisibility
 D - 7 potions of mutation
 I - a potion of cancellation
 Q - a potion of magic
 X - a potion of flight
 Y - 3 potions of attraction
Miscellaneous
 N - a lightning rod (4/4)
   (You found it on level 9 of the Dungeon)
 O - a piece from Xom's chessboard (15/15)
   (You found it on level 5 of the Lair of Beasts)


   Skills:
 - Level 12.0 Fighting
 - Level 2.6 Maces & Flails
 - Level 8.0 Ranged Weapons
 - Level 1.7 Dodging
 - Level 12.0 Spellcasting
 - Level 13.0 Conjurations
 + Level 10.1 Summonings
 - Level 7.0 Necromancy
 - Level 1.0 Fire Magic
 - Level 3.0 Ice Magic
 - Level 3.0 Air Magic
 - Level 12.0 Earth Magic
 - Level 6.0 Invocations
 - Level 6.0 Evocations


You had 4 spell levels left.
You knew the following spells:

 Your Spells              Type           Power      Damage    Failure   Level
a - Magic Dart            Conj           100%       1d8       1%          1
b - Volcanic Tap          Conj/Fire/Erth 82%        3d12      1%          2
c - Hailstorm             Conj/Ice       39%        3d9       1%          3
d - Kiss of Death         Conj/Necr      100%       2d13      1%          1
e - Iskenderun's Battles  Conj           55%        2d11      1%          5
f - Arcjolt               Conj/Air       19%        1d29      7%          5
g - Borgnjor's Vile Clut  Necr/Erth      22%        N/A       3%          5
h - Iron Shot             Conj/Erth      27%        9d6       6%          6
i - Spellforged Servitor  Conj/Summ      25%        N/A       43%         7

Your spell library contained the following spells:

 Spells                   Type           Power      Damage    Failure   Level
 Shock                    Conj/Air       100%       1d9       1%          1
 Call Imp                 Summ           47%        N/A       1%          2
 Static Discharge         Conj/Air       78%        2-6/arc   1%          2
 Dazzling Flash           Conj/Hex       68%        N/A       1%          3
 Vampiric Draining        Necr           36%        2d8       1%          3
 Mephitic Cloud           Conj/Pois/Air  29%        N/A       2%          3
 Animate Dead             Necr           36%        N/A       3%          4
 Flame Wave               Conj/Fire      36%        2d10      3%          4
 Iskenderun's Mystic Bla  Conj/Tloc      34%        2d8       4%          4
 Summon Ice Beast         Ice/Summ       34%        N/A       4%          4
 Frozen Ramparts          Ice            42%        1d7       5%          3
 Ozocubu's Armour         Ice            21%        N/A       5%          3
 Swiftness                Air            21%        N/A       5%          3
 Slow                     Hex            40%        N/A       6%          1
 Scorch                   Fire           28%        2d6       6%          2
 Inner Flame              Hex/Fire       12%        N/A       16%         3
 Anguish                  Hex/Necr       11%        N/A       16%         4
 Confusing Touch          Hex            10%        N/A       19%         3
 Airstrike                Air            10%        2d(2-18)  19%         4
 Ice Form                 Ice/Tmut       16%        N/A       34%         4
 Lightning Bolt           Conj/Air       19%        1d34      7%          5
 Death Channel            Necr           18%        N/A       50%         6
 Starburst                Conj/Fire      18%        6d7       50%         6
 Metabolic Englaciation   Hex/Ice        8%         N/A       67%         5
 Simulacrum               Ice/Necr       14%        N/A       77%         6
 Dispersal                Tloc           5%         N/A       100%        6
 Malign Gateway           Summ/Tloc      14%        N/A       100%        7
 Borgnjor's Revivificati  Necr           18%        N/A       100%        8
 Disjunction              Tloc           5%         N/A       100%        8
 Maxwell's Capacitive Co  Air            10%        ∞         100%        8
 Summon Horrible Things   Summ           23%        N/A       100%        8


Dungeon Overview and Level Annotations

Branches:
Dungeon (15/15) Zot: 24790  Temple (1/1) D:7 Zot: 5631    Lair (5/5) D:9 Zot: 15913
 Shoals (0/4) Lair:2        Snake (1/4) Lair:2 Zot: 5225   Slime (0/5) Lair:4
    Orc (2/2) D:11 Zot: 9928     Elf (0/3) Orc:2        Vaults (0/5) D:13
 Depths (0/4) D:15        Ossuary (visited)           IceCv (visited)
Gauntlet (visited)

Altars:
Ashenzari
Cheibriados
Dithmenos
Elyvilon
Fedhas
Gozag
Hepliaklqana
Kikubaaqudgha
Makhleb
Nemelex Xobeh
Okawaru
Qazlal
Ru
Sif Muna
Trog
Uskayaw
Vehumet
Wu Jian
Xom
Yredelemnul
Zin
The Shining One

Shops:
D:7 (   D:8 *   D:11 *   Orc:1 !   Orc:2 *(![

Annotations:
D:6 1 runed translucent door, ThreePoint314's ghost, novice DsNe
D:14 2 transporters
Snake:1 Aizul


Innate Abilities, Weirdness & Mutations

You are too large for most types of armour.
You have tough skin. (AC +1)


Message History

Aiming: Borgnjor's Vile Clutch (mildly dangerous; 3% risk of failure)
Press: ? - help, Shift-Dir - straight line, f - shock serpent, p - Aizul
Aim: a shock serpent (heavily wounded, 100% to hit)
Zombie hands grab the shock serpent.
The zombie hands constrict Aizul.
The zombie hands constrict the shock serpent!
You feel very sick.
Aizul moans, "No job prospects!
Who wants sleepy Aizul to guard their treasure?"
Aizul escapes!
The shock serpent struggles to escape constriction.
Aiming: Iceblast
Press: ? - help, Shift-Dir - straight line, f/p - shock serpent
Aim: a shock serpent (heavily wounded, constricted by zombie hands)
The mass of ice explodes!
The iceblast engulfs the shock serpent!
The shock serpent is severely wounded.
The iceblast engulfs Aizul!!
Aizul is moderately wounded.
The zombie hands constrict the shock serpent!
You feel very sick.
You hear a shout! x2
The shock serpent shoots out a bolt of lightning at you!
The bolt of electricity misses you.
The shock serpent struggles to escape constriction.
Aiming: Iceblast
Press: ? - help, Shift-Dir - straight line, f/p - shock serpent
Aim: a shock serpent (almost dead, constricted by zombie hands)
The mass of ice explodes!
The iceblast engulfs the shock serpent!!
You kill the shock serpent!
The iceblast engulfs Aizul!!
Aizul is moderately wounded.
You feel sick.
Aizul coils herself and waves her upper body at you.
The bolt of poison hits you!!
You are more poisoned.
Uskayaw will force your foes to helplessly watch your dance.
Uskayaw prepares the audience for your solo!
You are too injured to fight recklessly!
You are too injured to fight recklessly!
Fire: T) +3 greatsling "Punk" {acid, rCorr}
Press: ? - help, Q - select action, (/) - cycle Shift-Dir - straight line, f - Aizul
Aim: Aizul (moderately wounded, paralysed, umbra, 98% to hit)
You shoot a sling bullet. The sling bullet hits Aizul.
Aizul is splashed with acid.
Aizul is heavily wounded.
You feel extremely sick.
Casting: Borgnjor's Vile Clutch (mildly dangerous; 3% risk of failure)
Confirm with . or Enter, or press ? or * to list all spells.
Aiming: Borgnjor's Vile Clutch (mildly dangerous; 3% risk of failure)
Press: ? - help, Shift-Dir - straight line, f/p - Aizul
Aim: Aizul (heavily wounded, paralysed, umbra, 100% to hit)
Zombie hands grab Aizul.
The zombie hands constrict Aizul.
You feel very sick.
Aizul is no longer paralysed.
Aizul struggles to escape constriction.
A naga comes into view. It is wielding a +0 flail.
Aizul struggles to escape constriction.
Fire: T) +3 greatsling "Punk" {acid, rCorr}
Press: ? - help, Q - select action, (/) - cycle Shift-Dir - straight line, f/p - Aizul
Aim: Aizul (heavily wounded, constricted by zombie hands, umbra, 88% to hit)
You shoot a sling bullet. The sling bullet hits Aizul.
Aizul is splashed with acid.
The acid corrodes Aizul!
Aizul is heavily wounded.
The zombie hands constrict Aizul!
You feel very sick.
Aizul escapes!
Unknown command.
Aizul attacks as you move away! Aizul hits you!
You feel very sick. Aizul casts a spell at you. The bolt of poison hits you!
You are more poisoned.
* * * LOW HITPOINT WARNING * * *
Unknown command.
Okay, then.
You feel better.
The naga sharpshooter unwields a +1 vampiric hand axe.
The naga sharpshooter wields a +0 shortbow.
The naga sharpshooter casts a spell.
The naga sharpshooter magically shoots an arrow.
The arrow hits you!
* * * LOW HITPOINT WARNING * * *
Aizul hits you!!
* * * LOW HITPOINT WARNING * * *
Blink to where?
Press: ? - help, Dir - move target, p - Aizul
As you read the scroll of blinking, it crumbles to dust.
Aizul coils and then uncoils.
Casting: Borgnjor's Vile Clutch (mildly dangerous; 3% risk of failure)
Confirm with . or Enter, or press ? or * to list all spells.
Aiming: Borgnjor's Vile Clutch (mildly dangerous; 3% risk of failure)
Press: ? - help, Shift-Dir - straight line, f - Aizul
Aim: Aizul (heavily wounded, covered in acid, 100% to hit)
Zombie hands grab Aizul.
The zombie hands constrict Aizul.
Aizul struggles to escape constriction.
Aizul coils herself and waves her upper body at you.
The bolt of poison hits you!!
You are poisoned.
You die...

..........# #..#
##.........[#
...##..##.## ##.##
#..........#
.####..###.###..#
##.###......# .####.##
##.##.## #..# ####.###
..##..# ##....# ##.##
##..# #.....#
#.....#####.## ##.>.##
#.....####.......##..#
##.....#
#.#....##...###......#
##..##..#
..##.......## ##@...##
##..####.#
..##..###..#
##....###..## #..
#....## ##.#
#....##...# ##.#
#...## #..#
#........## #..#
.)...# ####
#........## ##.##
.#.###
#.....S.#..###...#
####
#........#........
#..........#).####.
#.............# ##


You could see Aizul (corroded, clutched).

Vanquished Creatures
  Frances (Snake:1)
  An orc warlord (Orc:2)
  An ironbound preserver (D:13)
  A stone giant (Orc:2)
  Nessos (Orc:2)
  Snorg (Orc:1)
  Erolcha (D:10)
  Josephine (Lair:3)
  4 ogre magi
  16 two-headed ogres
  5 hydras
  An anaconda (Snake:1)
  5 centaur warriors
  Erica (D:10)
  4 catoblepae
  A tengu warrior (D:14)
  4 boulder beetles
  29 death yaks
  A shock serpent (Snake:1)
  An orc high priest (Orc:1)
  A naga warrior (Snake:1)
  Sonja (D:10)
  3 skeletal warriors (D:15)
  2 deep trolls (Orc:2)
  A lindwurm (Lair:4)
  A necromancer (D:15)
  A mana viper (Snake:1)
  16 ugly things
  An oklob plant (Lair:5)
  A wolf spider zombie (D:15)
  6 manticores
  2 deep elf pyromancers (D:13)
  5 orc knights
  7 cyclopes
  6 orc sorcerers
  A centaur zombie (D:15)
  7 elephants
  An ice statue (IceCv)
  2 naga magi
  7 black mambas
  13 cane toads
  2 gargoyles
  10 rime drakes
  11 komodo dragons
  2 centaur skeletons (D:15)
  3 tengu conjurers
  A troll (shapeshifter) (D:14)
  3 meliai (Lair:4)
  A queen bee (Lair:4)
  13 trolls
  14 dream sheep
  8 polar bears
  13 blink frogs (Lair:3)
  6 shadows
  7 wraiths
  A vampire (D:12)
  2 water elementals
  48 yaks
  4 wyverns
  5 humans (Lair:3)
  2 steam dragons
  8 vampire mosquitoes
  Menkaure (D:4)
  5 basilisks
  7 wargs
  4 nagas (Snake:1)
  31 orc warriors
  18 water moccasins
  A sky beast (D:7)
  3 ice beasts
  25 ogres
  15 wolves
  6 centaurs
  3 kobold brigands
  A gnoll sergeant (D:5)
  17 bullfrogs
  5 water moccasin zombies (Ossuary)
  3 scorpions
  38 killer bees
  7 howler monkeys
  7 electric eels
  A lava snake (D:9)
  3 jellies
  19 orc priests
  2 gnoll boudas
  3 hounds
  An iguana (D:7)
  24 orc wizards
  10 hell rats
  A boggart skeleton (D:15)
  2 mummies (Ossuary)
  15 gnolls
  9 adders
  2 white imps
  An ufetubus (D:6)
  7 adder zombies (Ossuary)
  2 worms
  4 dart slugs
  103 orcs
  9 endoplasms
  2 giant cockroaches (D:2)
  6 gnoll zombies (Ossuary)
  9 hobgoblins
  A quokka (D:1)
  8 ball pythons
  5 bats
  5 frilled lizards
  7 goblins
  4 hobgoblin zombies (Ossuary)
  20 kobolds
  2 kobold zombies (Ossuary)
  4 orc zombies (Ossuary)
  5 rats
822 creatures vanquished.

Vanquished Creatures (others)
  An ogre (D:5)
  An adder (D:5)
  An orc (D:2)
  43 fungi
  114 plants
160 creatures vanquished.

Grand Total: 982 creatures vanquished

Notes
Turn   | Place    | Note
-------+----------+-------------------------------------------
     0 | D:1      | Flugkiller the Ogre Reaver began the quest for the Orb.
     0 | D:1      | Reached XP level 1. HP: 22/22 MP: 3/3
   128 | D:1      | Reached skill level 3 in Conjurations
   221 | D:1      | Reached XP level 2. HP: 5/25 MP: 3/5
   468 | D:1      | Learned a level 2 spell: Volcanic Tap
  1130 | D:2      | Reached XP level 3. HP: 6/31 MP: 2/6
  1465 | D:2      | Learned a level 3 spell: Hailstorm
  1498 | D:2      | Reached skill level 1 in Fire Magic
  1571 | D:2      | Reached skill level 1 in Earth Magic
  1698 | D:2      | Reached XP level 4. HP: 43/44 MP: 8/8
  1968 | D:2      | Reached skill level 4 in Conjurations
  2334 | D:3      | Found a faded altar of an unknown god.
  2349 | D:3      | Found a snail-covered altar of Cheibriados.
  2886 | D:3      | Reached XP level 5. HP: 48/50 MP: 9/9
  3601 | D:3      | Found a sparkling altar of Nemelex Xobeh.
  3938 | D:4      | Reached skill level 1 in Ice Magic
  4343 | D:4      | Noticed Menkaure
  4357 | D:4      | Killed Menkaure
  4358 | D:4      | Reached XP level 6. HP: 52/59 MP: 9/12
  4387 | D:4      | Got Qat Faotug's Codex of Twisted Combustion
  4666 | D:4      | Learned a level 1 spell: Magic Dart
  4734 | D:5      | Entered Level 5 of the Dungeon
  4796 | D:5      | Noticed a yak
  5032 | D:5      | Noticed a water moccasin
  5083 | D:5      | Reached skill level 5 in Conjurations
  5083 | D:5      | Reached XP level 7. HP: 66/66 MP: 1/14
  5243 | D:5      | Killed a yak
  5244 | D:5      | Reached skill level 5 in Spellcasting
  5250 | D:5      | Learned a level 5 spell: Iskenderun's Battlesphere
  5449 | D:5      | Found a sand-covered staircase.
  5455 | Ossuary  | Entered an ossuary
  5818 | Ossuary  | Reached XP level 8. HP: 75/79 MP: 3/15
  5828 | Ossuary  | Reached skill level 5 in Fighting
  5828 | Ossuary  | Reached skill level 6 in Conjurations
  6228 | D:5      | Reached skill level 7 in Conjurations
  6983 | D:5      | Reached skill level 8 in Conjurations
  7330 | D:6      | Noticed a shadow
  7471 | D:6      | Reached XP level 9. HP: 88/88 MP: 13/16
  7508 | D:6      | Found a transporter.
  7530 | D:6      | Found a transporter.
  7539 | D:6      | Reached skill level 1 in Evocations
  7733 | D:6      | Found a glowing silver altar of Zin.
  7760 | D:6      | Reached skill level 9 in Conjurations
  7918 | D:6      | Found a runed translucent door.
  8590 | D:6      | Noticed ThreePoint314's ghost (novice DsNe)
  8667 | D:7      | Found Acup's Antique Weapon Shop.
  9059 | D:7      | Identified the +1 dagger "Danir" {spect, Str+6}
  9121 | D:7      | Reached skill level 10 in Conjurations
  9376 | D:7      | Found a staircase to the Ecumenical Temple.
  9383 | Temple   | Entered the Ecumenical Temple
  9679 | Temple   | Became a worshipper of Uskayaw the Reveller
 10038 | D:8      | Reached * piety under Uskayaw
 10044 | D:8      | Reached ** piety under Uskayaw
 10248 | D:8      | Found Corghis's Assorted Antiques.
 10258 | D:8      | Bought a glowing cyan potion for 25 gold pieces
 10258 | D:8      | Bought 2 scrolls labelled NOMOMAIWOIRPH for 56 gold pieces
 10660 | D:8      | Reached XP level 10. HP: 91/100 MP: 12/19
 10706 | D:8      | Reached *** piety under Uskayaw
 11363 | D:9      | Reached **** piety under Uskayaw
 11911 | D:9      | Found a staircase to the Lair.
 12329 | D:9      | Paralysed by a kobold for 3 turns
 12405 | D:9      | Found a shadowy altar of Dithmenos.
 12408 | D:9      | Found a white marble altar of Elyvilon.
 12703 | D:10     | Entered Level 10 of the Dungeon
 12724 | D:10     | Noticed Sonja
 12728 | D:10     | Killed Sonja
 12729 | D:10     | Reached skill level 5 in Evocations
 13068 | D:10     | Learned a level 5 spell: Arcjolt
 13082 | D:10     | Noticed Erica
 13139 | D:10     | Killed Erica
 13140 | D:10     | Reached skill level 1 in Air Magic
 13140 | D:10     | Reached XP level 11. HP: 111/111 MP: 14/24
 13291 | D:10     | Noticed Erolcha
 13498 | D:10     | Learned a level 5 spell: Borgnjor's Vile Clutch
 13505 | D:10     | Learned a level 6 spell: Iron Shot
 13767 | D:10     | Killed Erolcha
 13768 | D:10     | Reached skill level 1 in Necromancy
 14843 | D:11     | Noticed a cyclops
 14849 | D:11     | Killed a cyclops
 15007 | D:11     | Found Lekoebu's General Store.
 15018 | D:11     | Bought a scroll of teleportation for 36 gold pieces
 15230 | D:11     | Found a staircase to the Orcish Mines.
 15253 | D:11     | Noticed a cyclops
 15262 | D:11     | Killed a cyclops
 15487 | D:11     | Reached ***** piety under Uskayaw
 16152 | Lair:1   | Entered Level 1 of the Lair of Beasts
 16217 | Lair:1   | Found a basalt altar of Yredelemnul.
 16390 | Lair:1   | Found a gate leading to a gauntlet.
 16397 | Gauntlet | Entered a Gauntlet
 16397 | Gauntlet | Found a transporter.
 16397 | Gauntlet | Found a transporter.
 16397 | Gauntlet | Found a transporter.
 16407 | Gauntlet | Found a transporter.
 16410 | Gauntlet | Found a transporter.
 16418 | Gauntlet | Found a transporter.
 16418 | Gauntlet | Found the +3 greatsling "Punk" {acid, rCorr}
 16421 | Gauntlet | Found a transporter.
 16423 | Gauntlet | Noticed a catoblepas
 16427 | Gauntlet | Noticed a hell beast
 16431 | Gauntlet | Found a transporter.
 16449 | Gauntlet | Found a transporter.
 16455 | Gauntlet | Found a transporter.
 16457 | Gauntlet | Found a transporter.
 16458 | Gauntlet | Noticed a fire crab
 16467 | Gauntlet | Found a transporter.
 16474 | Gauntlet | Noticed a hell hog
 17129 | Gauntlet | Noticed a minotaur
 17142 | Gauntlet | Found the ring of Shadows {Umbra +Inv Stlth+}
 18296 | Lair:1   | Noticed a boulder beetle
 18310 | Lair:1   | Killed a boulder beetle
 18311 | Lair:1   | Reached skill level 5 in Necromancy
 18311 | Lair:1   | Reached skill level 5 in Earth Magic
 18311 | Lair:1   | Reached XP level 12. HP: 102/123 MP: 8/25
 20313 | Lair:2   | Noticed an eight-headed hydra
 20614 | Lair:2   | Killed an eight-headed hydra
 20643 | Lair:2   | Found a staircase to the Shoals.
 20690 | Lair:2   | Noticed an eight-headed hydra
 20763 | Lair:2   | Killed an eight-headed hydra
 21408 | Lair:2   | Found a staircase to the Snake Pit.
 21562 | Lair:3   | Found a frozen archway.
 21587 | Lair:3   | Identified the +2 mace of Crystal {antimagic, rC+ rN+
                  | Str+3}
 21653 | IceCv    | Entered an ice cave
 21665 | IceCv    | Reached skill level 11 in Conjurations
 21896 | IceCv    | Reached skill level 10 in Fighting
 22092 | IceCv    | Reached XP level 13. HP: 133/133 MP: 15/26
 22283 | IceCv    | Reached skill level 1 in Ranged Weapons
 23281 | IceCv    | Reached skill level 10 in Spellcasting
 23459 | IceCv    | Noticed a frost giant
 24045 | Lair:3   | Reached ****** piety under Uskayaw
 24047 | Lair:3   | Reached skill level 10 in Earth Magic
 24221 | Lair:3   | Noticed Josephine
 24229 | Lair:3   | Killed Josephine
 24804 | Lair:3   | Identified the +11 flail "Orb Guardian's Death" {flame,
                  | rPois}
 24983 | Lair:3   | Reached skill level 12 in Conjurations
 25987 | Lair:3   | Reached XP level 14. HP: 143/143 MP: 22/28
 26684 | Lair:4   | Reached skill level 5 in Ranged Weapons
 27622 | Lair:4   | Found a staircase to the Slime Pits.
 28589 | Lair:4   | Identified a scroll of acquirement
 28628 | Lair:5   | Entered Level 5 of the Lair of Beasts
 28699 | Lair:5   | Identified the +6 mace of Atif {freeze, rPois Str+6 Dex-4
                  | Stlth+}
 28877 | Lair:5   | Reached skill level 13 in Conjurations
 31231 | Lair:5   | Reached XP level 15. HP: 123/149 MP: 18/29
 31698 | Lair:5   | Acquired the amulet "Yheopnof" {Regen+ SInv}
 32535 | Lair:5   | Reached skill level 1 in Invocations
 33115 | D:12     | Got the Textbook on Doomed Conjuration
 33120 | D:12     | Found a stormy altar of Qazlal.
 34059 | D:13     | Found a gate to the Vaults.
 34509 | D:13     | Found a glowing golden altar of the Shining One.
 35231 | D:14     | Found a broken altar of Ashenzari.
 35250 | D:14     | Found a transporter.
 35252 | D:14     | Found a transporter.
 35253 | D:14     | Noticed a frost giant
 36546 | D:14     | Noticed a ghost moth
 36561 | D:15     | Entered Level 15 of the Dungeon
 36591 | D:15     | Reached skill level 5 in Invocations
 36777 | D:14     | Learned a level 7 spell: Spellforged Servitor
 37103 | D:15     | Reached skill level 1 in Summonings
 37326 | D:15     | Reached XP level 16. HP: 165/165 MP: 15/31
 37556 | D:15     | Found a staircase to the Depths.
 38364 | Orc:1    | Entered Level 1 of the Orcish Mines
 38364 | Orc:1    | Noticed Snorg
 38372 | Orc:1    | Killed Snorg
 38373 | Orc:1    | Reached skill level 5 in Summonings
 38801 | Orc:1    | Found Erroraxzoi's Distillery.
 38809 | Orc:1    | Bought a potion of heal wounds for 60 gold pieces
 39195 | Orc:2    | Entered Level 2 of the Orcish Mines
 39635 | Orc:2    | Found a staircase to the Elven Halls.
 40323 | Orc:2    | Found Tiass's Distillery.
 40330 | Orc:2    | Noticed Nessos
 40339 | Orc:2    | Killed Nessos
 40411 | Orc:2    | Found Wuoluf's General Store.
 40413 | Orc:2    | Found Cuess's Armour Boutique.
 40414 | Orc:2    | Bought a potion of heal wounds for 60 gold pieces
 40414 | Orc:2    | Bought a potion of heal wounds for 60 gold pieces
 40426 | Orc:2    | Found Sodwafir's Weapon Emporium.
 40617 | D:8      | Bought an embroidered robe for 103 gold pieces
 40872 | Snake:1  | Entered Level 1 of the Snake Pit
 41008 | Snake:1  | Noticed Frances
 41026 | Snake:1  | Killed Frances
 41459 | Snake:1  | Reached skill level 10 in Summonings
 41620 | Snake:1  | Noticed Aizul
 41646 | Snake:1  | Killed from afar by Aizul

Illustrated notes

Levels and vault maps discovered:
D:1:      shiori_shiawase, layout_rooms, hangedman_decor_growths
D:2:      minmay_spotlight, layout_loops_ring, guppyfry_early_orc_mine
D:3:      layout_loops_corners, nemelex_diamond_rough_becter,
          kennysheep_slug_shrine, basic_ecumenical_altar
D:4:      layout_gridville, kennysheep_pointless_box, uniq_menkaure
D:5:      layout_layer_cave, nicolae_ossuary_entry_plus, st_stairs_7,
          minmay_manual_monolith
D:6:      gammafunk_steamed_eel, layout_loops_ring, general_overflow_altar,
          ebering_ghost_reflecting_pool, chequers_serial_rivers_micro_c
D:7:      layout_gridville, minmay_temple_entry_mist, serial_shops, shop
D:8:      layout_rooms, serial_shops, nicolae_diamond_shop
D:9:      layout_big_octagon, nicolae_overflow_squiral, lair_entry_dummy
D:10:     layout_gridville, minivault_4, corexii_corridor_pit,
          bh_walls_and_bars, uniq_erolcha, uniq_sonja, uniq_erica
D:11:     layout_long_grid, orc_0_dummy, serial_shops, shop, special_room
          [special_room_orc]
D:12:     layout_irregular_city, serial_column_ruins, column_ruins_open_large,
          column_ruins_columns_corner, column_ruins_grid_1, column_ruins_grid_1,
          grunt_qazlal_clouds
D:13:     layout_grid_maze, skrybe_vaults_entry_preservation,
          nicolae_tso_swordbearing_angel
D:14:     gammafunk_the_bubble [the_bubble_gammafunk_plus_minus],
          layout_long_grid, chequers_big_river, hangedman_glass_teeth,
          ashenzari_conservatory_becter
D:15:     grunt_enter_depths_magical_seal, layout_cave_pools,
          kennysheep_flooded_box
Temple:   minmay_temple_bridge_d
Lair:1:   layout_cave_pods, gauntlet_entry_generic, basic_altar,
          serial_bayou_crossing, infiniplex_staircase_pool_2
Lair:2:   layout_chaotic_city, minmay_shoals_entry_centaurs,
          minmay_snake_entry_six_corridors, cheibrodos_lair_lostbears
Lair:3:   slaughterhouse, layout_cave_pods, portal_ice_cave_entry_pillars_2,
          lemuel_old_faithful, uniq_josephine
Lair:4:   regret_index_tunnel_blossom, layout_long_grid, slime_entry_1,
          serial_bayou_shore_b
Lair:5:   evilmike_catoblepas_cave, layout_layer_cave, st_stairs_8
Snake:1:  layout_layer_cave, serial_bayou_shore_a, serial_bayou_shore_b,
          uniq_frances, uniq_aizul
Orc:1:    layout_caves, serial_shops, shop, uniq_snorg
Orc:2:    st_orc_open, layout_diamond_mine, nicolae_orc_rockfall, uniq_nessos

Skill      XL: |  1  2  3  4  5  6  7  8  9 10 11 12 13 14 15 16 |
---------------+-------------------------------------------------+-----
Conjurations   | 3 4 5 8 10 11 12 13 | 13.0
Fire Magic     | 1 |  1.0
Earth Magic    | 1 5 9 10 12 | 12.0
Spellcasting   | 3 4 5 6 9 10 11 12 | 12.0
Ice Magic      | 2 3 |  3.0
Fighting       | 4 5 6 8 9 10 12 | 12.0
Evocations     | 3 5 6 |  6.0
Air Magic      | 1 2 3 |  3.0
Necromancy     | 5 6 7 |  7.0
Ranged Weapons | 4 7 8 |  8.0
Invocations    | 6 |  6.0
Summonings     | 2 10 | 10.1
Maces & Flails | |  2.6
Dodging        | |  1.7

Action                   |  1- 3 |  4- 6 |  7- 9 | 10-12 | 13-15 | 16-18 || total
-------------------------+-------+-------+-------+-------+-------+-------++-------
Melee: Mace              |   127 |   161 |   106 |       |       |       ||   394
       Punch             |     2 |       |     2 |       |       |       ||     4
       Unarmed           |       |       |    10 |     3 |       |       ||    13
       Dagger            |       |       |     3 |    52 |       |       ||    55
 Fire: Greatsling        |       |       |       |   112 |   724 |   434 ||  1270
 Cast: Kiss of Death     |     2 |     1 |     1 |       |       |       ||     4
       Volcanic Tap      |     1 |     4 |     4 |     2 |       |       ||    11
       Magic Dart        |       |     7 |   162 |   294 |       |       ||   463
       Hailstorm         |       |     2 |    23 |     4 |       |       ||    29
       Iskenderun's Batt |       |       |    33 |    72 |     2 |     1 ||   108
       Borgnjor's Vile C |       |       |       |    31 |   272 |    86 ||   389
       Arcjolt           |       |       |       |     4 |    11 |     7 ||    22
       Iron Shot         |       |       |       |       |       |     3 ||     3
Invok: Stomp             |       |       |       |     1 |       |       ||     1
       Line Pass         |       |       |       |     1 |       |       ||     1
Evoke: Wand              |       |     2 |     2 |    11 |       |     5 ||    20
       Lightning rod     |       |       |       |     5 |     3 |       ||     8
  Use: Scroll            |     1 |     7 |     7 |    16 |     8 |     5 ||    44
       Potion            |       |       |     1 |     9 |       |     1 ||    11
 Stab: Sleeping          |     1 |       |       |       |       |       ||     1
       Paralysed         |       |     4 |       |    13 |       |       ||    17
Armor: Robe              |    49 |    72 |    62 |     1 |       |       ||   184
       Skin              |       |       |    15 |    14 |       |       ||    29
       Steam dragon scal |       |       |       |    63 |    68 |    25 ||   156
Dodge: Dodged            |    59 |    76 |    87 |   212 |   314 |   140 ||   888

Table legend: (Time is in decaauts)
 A = Elapsed time spent in this place.
 B = Non-inter-level travel time spent in this place.
 C = Inter-level travel time spent in this place.
 D = Time resting spent in this place.
 E = Time spent auto-exploring this place.
 F = Levels seen in this place.
 G = Mean time per level.
                   A        B        C        D        E       F      G
               +--------+--------+--------+--------+--------+-----+--------+
         Total |  42017 |  39772 |   2245 |  18299 |  13659 |  27 | 1556.2 |
       Dungeon |  21184 |  19934 |   1250 |   7948 |   8627 |  15 | 1412.3 |
        Temple |    368 |    223 |    145 |      0 |    211 |   1 |  368.0 |
          Lair |  14086 |  13322 |    764 |   7193 |   3368 |   5 | 2817.2 |
     Snake Pit |    773 |    773 |      0 |    283 |    358 |   1 |  773.0 |
  Orcish Mines |   2071 |   1987 |     84 |    632 |    689 |   2 | 1035.5 |
       Ossuary |    620 |    620 |      0 |    384 |     55 |   1 |  620.0 |
      Ice Cave |   2143 |   2143 |      0 |   1369 |    216 |   1 | 2143.0 |
      Gauntlet |    769 |    769 |      0 |    490 |    135 |   1 |  769.0 |
               +--------+--------+--------+--------+--------+-----+--------+

Top non-repeatable levels by time:
  Lair:1: 3526 daAuts
  Lair:4: 3344 daAuts
  Lair:3: 3111 daAuts
  Lair:5: 2751 daAuts
   IceCv: 2143 daAuts
    D:10: 2060 daAuts
    D:14: 1987 daAuts
     D:5: 1636 daAuts
    D:11: 1584 daAuts
     D:3: 1542 daAuts
     D:7: 1517 daAuts
     D:6: 1470 daAuts
    D:13: 1435 daAuts
     D:4: 1421 daAuts
  Lair:2: 1353 daAuts
